 Dungeon Crawl Stone Soup version 0.32-a0-290-g598725c5f2 (webtiles) character file.

Game seed: 8287062674904176287

205 cforsyth the Magician (level 6, -2/47 HPs)
             Began as a Djinni Hexslinger on Feb 13, 2024.
             Engulfed by a cloud of flame (6 damage)
             ... on level 3 of the Dungeon.
             The game lasted 00:03:11 (1809 turns).

cforsyth the Magician (Djinni Hexslinger)           Turns: 1809, Time: 00:03:11

Health: -2/47      AC:  3    Str:  7    XL:     6   Next: 10%
Gold:   150        EV: 13    Int: 16    God:
                   SH:  0    Dex: 22

rFire   + + .        a - +1 sling
rCold   x . .        (no shield)
rNeg    . . .        c - +0 robe
rPois   ∞            g - +0 helmet
rElec   .            (no cloak)
rCorr   .            (no gloves)
SInv    .            (boots unavailable)
Will    .....        (no amulet)
Stlth   ++           D - +6 ring of dexterity
HPRegen 0.27/turn    (no ring)
MPRegen 0.00/turn

%: infuse magic (-3 HP)
@: flying
A: sickness immunity, fire resistance 2, cold vulnerability 1, float, innate
caster, HP casting, extra vitality 1
a: no special abilities


You were on level 3 of the Dungeon.
You visited 1 branch of the dungeon, and saw 3 of its levels.

You collected 150 gold pieces.


Innate Abilities, Weirdness & Mutations

You are immune to sickness and miasma.
You are immune to poison.
Your flesh is very heat resistant. (rF++)
You are vulnerable to cold. (rC-)
You float through the air rather than walking.
You learn spells naturally, not from books.
Your magical power is your life essence.
You have superior vitality. (+4 MHP)


   Skills:
 + Level 4.0 Fighting
 - Level 1.5 Ranged Weapons
 - Level 2.1 Dodging
 + Level 4.0 Spellcasting
 + Level 4.0 Conjurations
 + Level 4.0 Hexes
 + Level 4.0 Summonings
 + Level 4.0 Necromancy
 + Level 4.0 Translocations
 + Level 4.0 Fire Magic
 + Level 4.0 Ice Magic
 + Level 4.0 Air Magic
 + Level 4.0 Earth Magic
 + Level 4.0 Alchemy


You knew the following spells:

 Your Spells              Type           Power      Damage    Failure   Level
c - Cause Fear            Hex            8%         N/A       32%         4
f - Inner Flame           Hex/Fire       16%        N/A       10%         3
t - Static Discharge      Conj/Air       32%        3-5/arc   4%          2
z - Sting                 Conj/Alch      64%        1d7       3%          1
X - Jinxbite              Hex            32%        N/A       4%          2
Y - Sigil of Binding      Hex            16%        N/A       10%         3
Z - Dimensional Bullseye  Hex/Tloc       8%         N/A       32%         4
Your spell library was empty.

Inventory:

Hand Weapons
 a - a +1 sling (weapon)
Armour
 c - a +0 robe (worn)
 g - a +0 helmet (worn)
Jewellery
 D - a +6 ring of dexterity (left hand)
 F - a ring of fire
Scrolls
 b - a scroll of poison
 e - a scroll of amnesia {unknown}
 f - 2 scrolls of enchant armour {unknown}
 h - a scroll of silence {unknown}
 i - a scroll of teleportation {unknown}
 j - a scroll of blinking {unknown}
 l - a scroll of identify {unknown}

Dungeon Overview and Level Annotations

Branches:
Dungeon (3/15)

Altars:

Shops:
D:1

: ### #.........########
... +.........#
######.........##
#.....###..###..#
#.......#..# ##.##
#.......#..####..#######
#.......+...#....).....#
##......# ###.##.#####..
.'......# #. #@#####..#
##......# # #§○§.....#
##......+ ###§.....#
##......##### ......#
###.........# ....... #
#..######.# ###....
###..#....#.# ....
.#......#.#.# .>.
.###)#..#.#.######.# ..


There were no monsters in sight!


Message History

Confirm with . or Enter, or press ? or * to list all spells.
Aiming: Sting (safe; 3% risk of failure)
Press: ? - help, Shift-Dir - straight line, f/p - orc wizard
Aim: an orc wizard, wielding a +0 dagger and wearing a +0 robe (inner flame, 67% to hit)
The sting hits the orc wizard.
The orc wizard is poisoned.
Flame seeps out of the orc wizard.
The orc wizard is lightly wounded.
* * * LOW HITPOINT WARNING * * *
Flame seeps out of the orc wizard.
The orc wizard is engulfed in blazing flames.
The orc wizard explodes!
The fiery explosion engulfs you! You resist.
* * * LOW HITPOINT WARNING * * *
Your Fighting skill increases to level 4!
Your Spellcasting skill increases to level 4!
Your Conjurations skill increases to level 4!
Your Hexes skill increases to level 4!
Your Summonings skill increases to level 4!
Your Necromancy skill increases to level 4!
Your Translocations skill increases to level 4!
Your Fire Magic skill increases to level 4!
Your Ice Magic skill increases to level 4!
Your Air Magic skill increases to level 4!
Your Earth Magic skill increases to level 4!
Your Alchemy skill increases to level 4!
You have reached level 6!
Unknown command.
You aren't carrying any potions.
You are engulfed in blazing flames.
You resist.
You die...

Skill      XL: |  1  2  3  4  5 |
---------------+----------------+-----
Spellcasting   | 3 4 |  4.0
Conjurations   | 3 4 |  4.0
Hexes          | 3 4 |  4.0
Summonings     | 3 4 |  4.0
Necromancy     | 3 4 |  4.0
Translocations | 3 4 |  4.0
Fire Magic     | 3 4 |  4.0
Ice Magic      | 3 4 |  4.0
Air Magic      | 3 4 |  4.0
Earth Magic    | 3 4 |  4.0
Alchemy        | 3 4 |  4.0
Fighting       | 2 3 4 |  4.0
Ranged Weapons | |  1.5
Dodging        | |  2.1

Action                     |  1- 3 |  4- 6 || total
---------------------------+-------+-------++-------
  Melee: Sling             |       |     1 ||     1
   Fire: Sling             |    51 |    25 ||    76
   Cast: Jinxbite          |     9 |       ||     9
         Sting             |    13 |    52 ||    65
         Inner Flame       |       |     4 ||     4
    Use: Potion            |       |     2 ||     2
 Armour: Robe              |     3 |    17 ||    20
         Skin              |       |     1 ||     1
  Dodge: Dodged            |     7 |    13 ||    20

Levels and vault maps discovered:
D:1:      tarquinn_simple_flora_water_d, layout_basic, serial_shops, shop,
          minivault_27, serial_bayou_lagoon_a
D:2:      layout_loops_ring
D:3:      layout_basic, serial_corexii_hall, chequers_hall_statues_wall_a,
          corexii_hall_statues_i, hellmonk_ecumenical_altar_run_dry,
          uniq_natasha, uniq_terence

Notes
Turn   | Place    | Note
-------+----------+-------------------------------------------
     0 | D:1      | cforsyth the Djinni Hexslinger began the quest for the Orb.
     0 | D:1      | cforsyth set off with the following spells memorised:
                  | Jinxbite, Sigil of Binding, Inner Flame, Cause Fear,
                  | Dimensional Bullseye.
     0 | D:1      | Reached XP level 1. HP: 17/17 MP: 0/0
    45 | D:1      | Reached XP level 2. HP: 22/22 MP: 0/0
   192 | D:1      | Reached skill level 3 in Spellcasting
   192 | D:1      | Reached skill level 3 in Conjurations
   192 | D:1      | Reached skill level 3 in Hexes
   192 | D:1      | Reached skill level 3 in Summonings
   192 | D:1      | Reached skill level 3 in Necromancy
   192 | D:1      | Reached skill level 3 in Translocations
   192 | D:1      | Reached skill level 3 in Fire Magic
   192 | D:1      | Reached skill level 3 in Ice Magic
   192 | D:1      | Reached skill level 3 in Air Magic
   192 | D:1      | Reached skill level 3 in Earth Magic
   192 | D:1      | Reached skill level 3 in Alchemy
   335 | D:1      | Reached skill level 2 in Fighting
   335 | D:1      | Reached XP level 3. HP: 26/28 MP: 0/0
   335 | D:1      | Learned a level 1 spell: Sting
   620 | D:1      | Found Ficerus's Book Emporium.
   879 | D:2      | Reached XP level 4. HP: 34/34 MP: 0/0
  1106 | D:2      | Reached skill level 3 in Fighting
  1367 | D:2      | Reached XP level 5. HP: 39/40 MP: 0/0
  1367 | D:2      | Learned a level 2 spell: Static Discharge
  1522 | D:3      | HP: 1/40 [something (4)]
  1808 | D:3      | HP: 3/41 [spore (12)]
  1809 | D:3      | Reached skill level 4 in Fighting
  1809 | D:3      | Reached skill level 4 in Spellcasting
  1809 | D:3      | Reached skill level 4 in Conjurations
  1809 | D:3      | Reached skill level 4 in Hexes
  1809 | D:3      | Reached skill level 4 in Summonings
  1809 | D:3      | Reached skill level 4 in Necromancy
  1809 | D:3      | Reached skill level 4 in Translocations
  1809 | D:3      | Reached skill level 4 in Fire Magic
  1809 | D:3      | Reached skill level 4 in Ice Magic
  1809 | D:3      | Reached skill level 4 in Air Magic
  1809 | D:3      | Reached skill level 4 in Earth Magic
  1809 | D:3      | Reached skill level 4 in Alchemy
  1809 | D:3      | Reached XP level 6. HP: 4/47 MP: 0/0
  1809 | D:3      | Engulfed by a cloud of flame

Vanquished Creatures
  3 orc wizards (D:3)
  3 adders (D:2)
  2 dart slugs
  2 ribbon worms
  7 orcs (D:3)
  5 endoplasms
  2 giant cockroaches
  5 goblins
  5 hobgoblins
  6 ball pythons
  7 bats
  3 frilled lizards
  2 kobolds (D:1)
  3 rats (D:2)
55 creatures vanquished.

Table legend: (Time is in decaauts)
 A = Elapsed time spent in this place.
 B = Non-inter-level travel time spent in this place.
 C = Inter-level travel time spent in this place.
 D = Time resting spent in this place.
 E = Time spent auto-exploring this place.
 F = Levels seen in this place.
 G = Mean time per level.
                   A        B        C        D        E       F      G
               +--------+--------+--------+--------+--------+-----+--------+
         Total |   1839 |   1766 |     73 |     67 |   1379 |   3 |  613.0 |
       Dungeon |   1839 |   1766 |     73 |     67 |   1379 |   3 |  613.0 |
               +--------+--------+--------+--------+--------+-----+--------+

Top non-repeatable levels by time:
     D:2: 766 daAuts
     D:1: 695 daAuts
     D:3: 377 daAuts

Table legend:
 A = Non-vault XP
 B = Vault XP
 C = Vault XP percentage of total XP
 D = Non-vault monster count
 E = Vault monster count
 F = Vault count percentage of total count
                 A         B        C        D         E       F
            +---------+---------+-------+---------+---------+-------
      Total |     294 |       0 |   0.0 |      55 |       0 |   0.0
            +---------+---------+-------+---------+---------+-------
        D:1 |      46 |       0 |   0.0 |      17 |       0 |   0.0
        D:2 |      94 |       0 |   0.0 |      21 |       0 |   0.0
        D:3 |     154 |       0 |   0.0 |      17 |       0 |   0.0
            +---------+---------+-------+---------+---------+-------
